 Dungeon Crawl Stone Soup version 0.31.0-12-g77e489cdc1 (webtiles) character file.

Game seed: 5140373293705485526

195 safid the Ruffian (level 5, -5/40 HPs)
             Began as a Draconian Shapeshifter on Mar 7, 2024.
             Killed from afar by an orc wizard (10 damage)
             ... with a puff of flame
             ... on level 3 of the Dungeon.
             The game lasted 00:02:53 (1768 turns).

safid the Ruffian (Draconian Shapeshifter)          Turns: 1768, Time: 00:02:54

Health: -5/40      AC:  5    Str: 24    XL:     5   Next: 45%
Magic:  5/5        EV: 12    Int: 11    God:
Gold:   130        SH:  0    Dex: 10    Spells: 4/4 levels left

rFire   . .          .
                       - Unarmed
rCold   . . .        (no shield)
rNeg    . . .        (body armour unavailable)
rPois   .            (helmet currently unavailable)
rElec   .            (cloak currently unavailable)
rCorr   .            (gloves currently unavailable)
SInv    .            (boots currently unavailable)
Will    .....        (no amulet)
Stlth   +            f - +6 ring of strength
HPRegen 0.26/turn    i - ring of flight
MPRegen 0.09/turn

%: no passive effects
@: confused, beast-form, attractive, flying
A: beast (slay +2), AC +5, unfitting armour, cold-blooded
a: Begin Untransformation


You were on level 3 of the Dungeon.
You were a hulking beast.
You visited 1 branch of the dungeon, and saw 3 of its levels.

You collected 130 gold pieces.

Inventory:

Jewellery
 f - a +6 ring of strength (left hand)
 i - a ring of flight (right hand)
Talismans
 b - a beast talisman
 c - a flux talisman
Scrolls
 e - a scroll of vulnerability {unknown}
 g - 2 scrolls of poison {unknown}
 h - a scroll of identify {unknown}
 k - a scroll of fog {unknown}


   Skills:
 + Level 1.3 Fighting
 + Level 2.7 Dodging
 + Level 4.5 Unarmed Combat
 * Level 4.2 Shapeshifting


You had 4 spell levels left.
You didn't know any spells.
Your spell library contained the following spells:

 Spells                   Type           Power      Damage    Failure   Level
 Ensorcelled Hibernation  Hex/Ice        0%         N/A       47%         2
 Fugue of the Fallen      Necr           0%         N/A       71%         3
 Ozocubu's Armour         Ice            0%         N/A       71%         3
 Anguish                  Hex/Necr       0%         N/A       98%         4
 Manifold Assault         Tloc           0%         N/A       98%         4


Dungeon Overview and Level Annotations

Branches:
Dungeon (3/15)

Altars:
Yredelemnul

Annotations:
D:3 1 runed translucent door


Innate Abilities, Weirdness & Mutations

You are a hulking beast.
Your limbs bulge with bestial killing power. (Slay +2)
Your plain brown scales are hard. (AC +5)
You cannot fit into any form of body armour.
You are cold-blooded and may be slowed by cold attacks.


Message History

You are confused.
You feel invigorated.
It was a potion of curing.
You feel better.
You feel less invigorated. Something hits you. x2
Unknown command.
You closely miss something.
The orc hits you from afar with a +0 trident.
Something hits you.
You miss something. You tail-slap something.
Something hits you but does no damage. Something hits you.
* * * LOW HITPOINT WARNING * * *
The orc hits you from afar with a +0 trident!
* * * LOW HITPOINT WARNING * * *
You closely miss something. Something hits you.
* * * LOW HITPOINT WARNING * * *
Unknown command.
You feel better. The orc barely misses you.
Something hits you but does no damage. Something completely misses you.
Unknown command.
You hit something. The orc hits you but does no damage. Something hits you.
* * * LOW HITPOINT WARNING * * *
Something hits you but does no damage.
Unknown command.
You miss something. The orc barely misses you. Something completely misses you.
You hear some strange, mumbled words.
You are confused.
Unknown command.
Unknown command.
It was a potion of attraction.
You feel attractive to monsters.
The orc hits you from afar with a +0 trident.
* * * LOW HITPOINT WARNING * * *
Something hits you.
* * * LOW HITPOINT WARNING * * *
Something hits you but does no damage.
You bump into the rock wall.
The orc closely misses you.
You hear some strange, mumbled words.
A puff of flame appears from out of thin air!
The puff of flame hits you!
You die...

.....#
#.#####.#....
###....
#.##..)...... #
#.##..#.....#
####.....#####.#
#.....#.## .#
#.###.#.######.#
#.# #.#.........
###.#
#.########..
#h{.# #.. #{###
### #o#####
#.)...# #.##..#
#.# .# ... #
##... .....


You could see an orc.

Vanquished Creatures
  An ogre (D:3)
  An orc priest (D:3)
  2 ribbon worms (D:2)
  An orc (D:3)
  8 bats
  2 endoplasms
  3 giant cockroaches
  14 goblins
  7 hobgoblins
  3 jackals (D:1)
  A quokka (D:2)
  2 ball pythons
  5 frilled lizards
  A goblin skeleton (D:3)
  A jackal skeleton (D:3)
  9 kobolds
  A kobold skeleton (D:3)
  4 rats
66 creatures vanquished.

Notes
Turn   | Place    | Note
-------+----------+-------------------------------------------
     0 | D:1      | safid the Draconian Shapeshifter began the quest for the
                  | Orb.
     0 | D:1      | Reached XP level 1. HP: 16/16 MP: 1/1
   263 | D:1      | Reached XP level 2. HP: 23/23 MP: 2/2
  1016 | D:2      | Reached XP level 3. HP: 28/28 MP: 3/3
  1568 | D:3      | Found a runed translucent door.
  1568 | D:3      | Noticed a human
  1572 | D:3      | Found a basalt altar of Yredelemnul.
  1615 | D:3      | Noticed an ogre
  1624 | D:3      | Reached XP level 4. HP: 34/35 MP: 4/4
  1628 | D:3      | Killed an ogre
  1629 | D:3      | Reached XP level 5. HP: 40/40 MP: 5/5
  1768 | D:3      | Killed from afar by an orc wizard

Illustrated notes

Levels and vault maps discovered:
D:1:      eino_arrival_water_cross, layout_basic
D:2:      layout_basic, minmay_goblin_outpost
D:3:      layout_basic, dk_yredelemnul_ordeal,
          mainiacjoe_overflow_cross_hatched, minmay_ogre_servants

Skill      XL: |  1  2  3  4 |
---------------+-------------+-----
Dodging        | 2 |  2.7
Unarmed Combat | 4 |  4.5
Shapeshifting  | 4 |  4.2
Fighting       | |  1.3

Action                     |  1- 3 |  4- 6 || total
---------------------------+-------+-------++-------
  Melee: Unarmed           |   129 |    33 ||   162
         Tailslap          |    10 |     3 ||    13
         Punch             |     3 |       ||     3
    Use: Potion            |       |     5 ||     5
   Stab: Sleeping          |     2 |       ||     2
         Distracted        |       |     1 ||     1
 Armour: Skin              |    68 |    39 ||   107
  Dodge: Dodged            |    92 |    10 ||   102
